Map: Ascension to Aiur LE

Players

Bazooka

  • Race: Zerg Zerg
  • League: Diamond
  • Spawn Location: 5:00

TERRAN - Winner!

  • Race: Protoss Protoss
  • League: Diamond
  • Spawn Location: 11:00

VOD

Have the link to the VOD?

Description

Time

  • Played on: Jan. 9, 2018, 8:34 p.m.
  • Length: 7:15
Show
View Real Time Build Order
Export as new Build Order

Bazooka Zerg 

Build Orders: Hatch First 

Get SALT Encoding   

  12  0:00  Drone  
  13  0:12  Overlord  
  13  0:17  Drone  
  14  0:31  Drone  
  14  0:32  Drone  
  16  0:49  Hatchery  
  15  0:53  Drone  
  15  0:56  Drone  
  17  1:01  Drone  
  18  1:13  Extractor  
  18  1:17  Spawning Pool  
  16  1:20  Drone  
  17  1:29  Drone  
  17  1:30  Drone  
  19  1:40  Overlord  
  19  1:54  Drone  
  20  2:04  Drone  
  20  2:05  Queen x2  
  20  2:07  Zergling x2  
  26  2:15  Metabolic Boost  
  26  2:18  Drone  
  27  2:39  Hatchery  
  26  2:46  Baneling Nest  
  26  2:48  Zergling x2  
  26  2:51  Drone  
  26  2:54  Drone  
  26  2:57  Drone  
  29  3:00  Drone  
  29  3:03  Drone  
  31  3:19  Zergling x4  
  28  3:27  Zergling x2  
  28  3:32  Spine Crawler  
  19  3:44  Zergling x2  
  19  3:45  Zergling x2  
  17  3:54  Zergling x2  
  13  4:12  Zergling x2  
  11  4:35  Zergling x2  
  12  4:42  Zergling x2  
  12  4:45  Drone  
  14  4:55  Zergling x2  
  15  5:03  Zergling x2  
  15  5:04  Zergling x2  
  17  5:12  Zergling x2  
  17  5:18  Drone  
  18  5:23  Zergling x2  
  19  5:34  Baneling x3  
  19  5:35  Baneling x2  
  19  5:40  Baneling x2  
  19  5:45  Drone  
  20  6:01  Zergling x4  
  21  6:09  Baneling  
  21  6:10  Baneling  
  21  6:11  Baneling x2  
  21  6:26  Zergling x6  
  22  6:42  Zergling x2  
Show
View Real Time Build Order
Export as new Build Order

TERRAN Protoss - Winner!

Build Orders:  

Get SALT Encoding   

  12  0:01  Probe  
  13  0:13  Probe (Chrono Boost)  
  14  0:25  Probe (Chrono Boost)  
  15  0:40  Pylon  
  15  0:58  Probe  
  15  1:00  Gateway  
  16  1:10  Probe  
  17  1:14  Nexus  
  17  1:22  Pylon  
  17  1:28  Gateway  
  17  1:31  Probe  
  18  1:45  Pylon, Zealot (Chrono Boost)  
  22  2:09  Zealot (Chrono Boost)  
  22  2:15  Zealot (Chrono Boost)  
  24  2:32  Zealot (Chrono Boost)  
  24  2:33  Zealot (Chrono Boost)  
  28  2:56  Probe  
  29  3:08  Probe  
  28  3:20  Probe  
  23  3:32  Probe  
  20  3:44  Probe  
  8  4:27  Zealot (Chrono Boost)  
  8  4:28  Probe (Chrono Boost), Zealot (Chrono Boost)  
  11  4:37  Probe (Chrono Boost)  
  11  4:42  Probe (Chrono Boost)  
  11  4:45  Forge, Pylon  
  12  4:51  Zealot (Chrono Boost)  
  12  4:54  Probe  
  12  4:59  Zealot (Chrono Boost)  
  17  5:06  Probe  
  18  5:18  Zealot (Chrono Boost)  
  18  5:19  Probe  
  21  5:26  Photon Cannon  
  21  5:31  Probe  
  22  6:01  Probe  
  23  6:13  Probe  
  24  6:26  Probe  
  10  6:57  Probe (Chrono Boost)  
  10  7:06  Probe (Chrono Boost)  
Tags
 
Add a new tag
Caveats
  • Supply blocks, unpowered buildings, or Contaminate may cause inaccurate times.
  • Supply counts are checked every 10 seconds.